 Dungeon Crawl Stone Soup version 0.31.0-32-g396128a36d (webtiles) character file.

Game seed: 6108148821569131112

3919 Drachta the Covert (level 10, -12/61 HPs)
             Began as a Kobold Enchanter on Apr 14, 2024.
             Was an Initiate of Dithmenos.
             Mangled by a swamp worm (24 damage)
             ... on level 7 of the Dungeon.
             The game lasted 00:19:09 (7160 turns).

Drachta the Covert (Kobold Enchanter)               Turns: 7160, Time: 00:19:10

Health: -12/61     AC:  5    Str:  5    XL:     10   Next: 43%
Magic:  18/18      EV: 16    Int: 24    God:    Dithmenos [......]
Gold:   173        SH:  4    Dex: 19    Spells: 3/19 levels left

rFire   . . .        r - +4 rapier (venom)
rCold   . . .        C - +0 buckler
rNeg    . . .        b - +0 robe
rPois   +            (no helmet)
rElec   .            w - +0 cloak {rPois}
rCorr   .            s - +0 pair of gloves
SInv    .            k - +0 pair of boots
Will    .....        p - amulet of regeneration
Stlth   ++++++       B - +6 ring of intelligence
HPRegen 1.10/turn    (no ring)
MPRegen 0.16/turn

%: no passive effects
@: no status effects
A: small, no large weapons, nightstalker 3
a: Renounce Religion


You were on level 7 of the Dungeon.
You worshipped Dithmenos.
Dithmenos was noncommittal.
You visited 2 branches of the dungeon, and saw 8 of its levels.

You collected 368 gold pieces.
You spent 195 gold pieces at shops.

Inventory:

Hand Weapons
 a - a +2 vampiric dagger
 d - the +1 rapier of Trial by Ordeal {freeze, rC++ rCorr Str-2 Int+3}
   (You acquired it on level 5 of the Dungeon)

   Str-2:     It affects your strength (-2).
   Int+3:     It affects your intelligence (+3).
   rC++:      It greatly protects you from cold.
   rCorr:     It protects you from acid and corrosion.
 r - a +4 rapier of venom (weapon)
Missiles
 D - a throwing net (quivered)
Armour
 b - a +0 robe (worn)
 k - a +0 pair of boots (worn)
 s - a +0 pair of gloves (worn)
 w - a +0 cloak of poison resistance (worn)
 C - a +0 buckler (worn)
Jewellery
 p - an amulet of regeneration (around neck)
 B - a +6 ring of intelligence (left hand)
Wands
 v - a wand of mindburst (8)
Scrolls
 e - a scroll of vulnerability
 f - 3 scrolls of enchant weapon
 g - 2 scrolls of enchant armour
 i - 3 scrolls of identify
 j - 3 scrolls of blinking
 m - a scroll of fear
 t - 3 scrolls of teleportation
 u - a scroll of amnesia
 x - a scroll of immolation
 y - a scroll of silence
 z - a scroll of revelation
Potions
 c - 3 potions of invisibility
 h - 4 potions of haste
 l - 2 potions of mutation
 n - 2 potions of lignification
 o - a potion of magic
 q - a potion of might
 A - 2 potions of curing


   Skills:
 * Level 6.9 Fighting
 + Level 5.8 Short Blades
 + Level 5.2 Dodging
 + Level 12.0 Stealth
 + Level 5.4 Spellcasting
 + Level 5.4 Hexes
 + Level 4.1 Ice Magic
 + Level 0.3 Air Magic


You had 3 spell levels left.
You knew the following spells:

 Your Spells              Type           Power      Damage    Failure   Level
a - Ensorcelled Hibernat  Hex/Ice        58%        N/A       3%          2
b - Confusing Touch       Hex            32%        N/A       4%          3
c - Tukima's Dance        Hex            32%        N/A       4%          3
d - Dazzling Flash        Conj/Hex       38%        N/A       16%         3
e - Swiftness             Air            7%         N/A       41%         3
f - Blink                 Tloc           12%        N/A       24%         2

Your spell library contained the following spells:

 Spells                   Type           Power      Damage    Failure   Level
 Magic Dart               Conj           24%        1d4       16%         1
 Sting                    Conj/Alch      24%        1d4       16%         1
 Hailstorm                Conj/Ice       16%        3d6       21%         3
 Summon Ice Beast         Ice/Summ       16%        N/A       21%         3
 Mercury Vapours          Alch/Air       14%        N/A       22%         2
 Call Imp                 Summ           12%        N/A       24%         2
 Passwall                 Erth           6%         N/A       43%         3
 Brom's Barrelling Bould  Conj/Erth      6%         2d3       85%         4
 Ignite Poison            Fire/Alch      6%         N/A       85%         4
 Olgreb's Toxic Radiance  Alch           6%         N/A       85%         4
 Sticky Flame             Fire/Alch      6%         2d4       85%         4
 Fireball                 Conj/Fire      3%         3d4       99%         5
 Iskenderun's Battlesphe  Conj           6%         2d6       99%         5
 Conjure Ball Lightning   Conj/Air       3%         3x3d6     100%        6
 Sculpt Simulacrum        Ice/Alch       8%         N/A       100%        6
 Orb of Destruction       Conj           3%         9d5       100%        7
 Ignition                 Fire           3%         3d4       100%        8


Dungeon Overview and Level Annotations

Branches:
Dungeon (7/15)             Temple (1/1) D:6

Altars:
Cheibriados
Dithmenos
Elyvilon
Fedhas
Gozag
Hepliaklqana
Kikubaaqudgha
Makhleb
Nemelex Xobeh
Okawaru
Qazlal
Ru
Trog
Xom
Yredelemnul
Zin
The Shining One

Shops:
D:4 *


Innate Abilities, Weirdness & Mutations

You are small and have problems with some larger weapons.
You are completely attuned to the shadows.


Message History

Moving in this stuff is going to be slow.
Partly explored, can't reach some items and places.
You puncture the plant!
The plant begins to die.
The plant is lightly damaged.
You hit the plant.
The plant is poisoned.
The plant is lightly damaged.
You completely miss the plant.
The plant is lightly damaged.
A nearby plant withers and dies.
You puncture the plant!
The plant begins to die.
The plant is lightly damaged.
You hit the plant.
The plant is lightly damaged.
You puncture the plant!
The plant is lightly damaged.
You hit the plant.
The plant is lightly damaged.
Your unstable footing causes you to fumble your attack.
A nearby plant withers and dies.
A swamp worm comes into view.
You see here a scroll labelled ATHRUF VEPLUR.
A swamp worm comes into view.
The swamp worm bites you!! You block the swamp worm's attack.
You hit the swamp worm but do no damage.
The swamp worm is poisoned.
The swamp worm bites you! x2
You barely miss the swamp worm.
The swamp worm is lightly wounded.
The swamp worm bites you!
* * * LOW HITPOINT WARNING * * *
You see here a scroll labelled ATHRUF VEPLUR.
The swamp worm bites you but does no damage.
The swamp worm closely misses you.
The swamp worm attacks as it pursues you!
The swamp worm bites you!
* * * LOW HITPOINT WARNING * * *
You block the swamp worm's attack.
The swamp worm looks more healthy.
The swamp worm attacks as it pursues you!
The swamp worm bites you!!
You die...

#~≈##~~~##≈~#
#~~#~~~~~#~~#
#~≈##~~~##≈~#
#~~~#?~~#~~~#
##~~##~##~~##
#..~≈P~P≈~##
#..~~w~~~~#
#...~~w~~.#
#.....@##.#
###.........#
#.......(####
#.########
#######.#
#.......#
###.#######
....# #####


You could see 2 swamp worms.

Vanquished Creatures
  A two-headed ogre (D:6)
  Maggie (D:6)
  Sigmund (D:2)
  5 yaks
  Eustachio (D:5)
  Menkaure (D:7)
  Edmund (D:5)
  Duvessa (D:5)
  A black bear (D:6)
  3 ice beasts (D:5)
  An ogre (D:4)
  A phantom (D:4)
  A bullfrog (D:7)
  A scorpion (D:5)
  4 wights (D:7)
  Dowan (D:5)
  3 bombardier beetles
  3 hounds
  4 orc priests
  A jelly (D:5)
  2 sleepcaps
  2 iguanas
  4 orc wizards
  8 adders
  A shadow imp (D:6)
  A white imp (D:6)
  2 ufetubi (D:5)
  A dart slug (D:3)
  3 ribbon worms
  24 orcs
  11 ball pythons
  12 endoplasms
  3 giant cockroaches
  7 goblins
  7 hobgoblins
  4 quokkas
  5 bats
  4 frilled lizards
  5 kobolds
  2 rats
144 creatures vanquished.

Notes
Turn   | Place    | Note
-------+----------+-------------------------------------------
     0 | D:1      | Drachta the Kobold Enchanter began the quest for the Orb.
     0 | D:1      | Reached XP level 1. HP: 10/10 MP: 3/3
    76 | D:1      | Reached XP level 2. HP: 16/16 MP: 5/5
    79 | D:1      | Learned a level 2 spell: Ensorcelled Hibernation
   146 | D:1      | You fall into a shaft and drop 1 floor!
   547 | D:1      | Reached XP level 3. HP: 20/20 MP: 1/6
   753 | D:1      | Reached skill level 5 in Stealth
   793 | D:2      | Reached skill level 1 in Fighting
   794 | D:2      | Found a bloodstained altar of Trog.
   842 | D:2      | Reached XP level 4. HP: 24/25 MP: 0/7
  1453 | D:2      | Noticed Sigmund
  1456 | D:2      | Killed Sigmund
  1457 | D:2      | Reached skill level 6 in Stealth
  1457 | D:2      | Reached skill level 1 in Ice Magic
  1457 | D:2      | Reached XP level 5. HP: 31/31 MP: 8/8
  1457 | D:2      | Reached XP level 6. HP: 36/36 MP: 9/9
  1461 | D:2      | Learned a level 3 spell: Confusing Touch
  1465 | D:2      | Learned a level 3 spell: Tukima's Dance
  1794 | D:3      | Found an opulent altar of Gozag.
  1858 | D:3      | Found a faded altar of an unknown god.
  1935 | D:3      | Reached skill level 7 in Stealth
  2386 | D:3      | Found a blossoming altar of Fedhas.
  2660 | D:2      | Reached XP level 7. HP: 17/40 MP: 1/10
  2933 | D:4      | Found a sparkling altar of Nemelex Xobeh.
  3019 | D:4      | Reached skill level 8 in Stealth
  3229 | D:4      | Learned a level 3 spell: Dazzling Flash
  3482 | D:4      | Found Jaemepp's Assorted Antiques.
  3487 | D:4      | Bought an embroidered cloak for 195 gold pieces
  3984 | D:4      | Reached XP level 8. HP: 47/47 MP: 12/12
  3988 | D:5      | Entered Level 5 of the Dungeon
  3992 | D:5      | Identified a scroll of acquirement
  3992 | D:5      | Acquired the +1 rapier of Trial by Ordeal {freeze, rC++
                  | rCorr Str-2 Int+3}
  4131 | D:5      | Noticed Dowan
  4133 | D:5      | Noticed Duvessa
  4141 | D:5      | Killed Duvessa
  4142 | D:5      | Reached skill level 9 in Stealth
  4150 | D:5      | Killed Dowan
  4506 | D:5      | Noticed a yak
  4508 | D:5      | Noticed a yak
  4508 | D:5      | Noticed a yak
  4523 | D:4      | Killed a yak
  4579 | D:5      | Noticed a yak
  4597 | D:4      | Killed a yak
  4599 | D:4      | Killed a yak
  4600 | D:4      | Reached XP level 9. HP: 49/53 MP: 9/14
  4638 | D:4      | Reached skill level 5 in Fighting
  4638 | D:4      | Reached skill level 10 in Stealth
  4821 | D:5      | Noticed Eustachio
  4823 | D:5      | Killed Eustachio
  4876 | D:5      | Noticed Edmund
  4880 | D:5      | Killed Edmund
  5142 | D:6      | Found a staircase to the Ecumenical Temple.
  5148 | Temple   | Entered the Ecumenical Temple
  5158 | Temple   | Became a worshipper of Dithmenos the Shadowed
  5179 | D:6      | Learned a level 3 spell: Swiftness
  5218 | Temple   | Reached skill level 11 in Stealth
  5373 | D:6      | Noticed Maggie
  5377 | D:6      | Killed Maggie
  5378 | D:6      | Reached skill level 5 in Short Blades
  5378 | D:6      | Reached skill level 5 in Hexes
  5419 | D:6      | Reached XP level 10. HP: 37/59 MP: 2/17
  6101 | D:6      | Noticed a two-headed ogre
  6105 | D:6      | Killed a two-headed ogre
  6106 | D:6      | Reached skill level 5 in Dodging
  6106 | D:6      | Reached skill level 5 in Spellcasting
  6598 | D:7      | Reached skill level 12 in Stealth
  6952 | D:7      | Learned a level 2 spell: Blink
  7070 | D:7      | Noticed Menkaure
  7072 | D:7      | Killed Menkaure
  7160 | D:7      | Mangled by a swamp worm

Illustrated notes

Levels and vault maps discovered:
D:1:      dpeg_arrival_boxorama, layout_rooms
D:2:      layout_loops_corners, basic_altar, uniq_sigmund
D:3:      layout_loops_ring, fedhas_altar_1, grunt_gozag_statues,
          ebering_ecumenical_altar_sacrificial, nicolae_houndstooth_variations
D:4:      layout_basic, nemelex_altar_shiori, serial_shops,
          kennysheep_little_box
D:5:      layout_loops_ring, grunt_ministairs_11, uniq_duvessa, uniq_edmund,
          uniq_eustachio
D:6:      layout_cave_pods, temple_statues, uniq_maggie
D:7:      layout_basic, worms_lemuel, uniq_menkaure
Temple:   nicolae_temple_great_sept

Skill      XL: |  1  2  3  4  5  6  7  8  9 10 |
---------------+-------------------------------+-----
Stealth        | 5 6 7 8 9 11 12 | 12.0
Fighting       | 1 2 3 4 6 |  6.9
Short Blades   | 2 3 4 5 |  5.8
Ice Magic      | 1 2 3 4 |  4.1
Dodging        | 3 4 5 |  5.2
Spellcasting   | 3 4 5 |  5.4
Hexes          | 4 5 |  5.4
Air Magic      | |  0.3

Action                     |  1- 3 |  4- 6 |  7- 9 | 10-12 || total
---------------------------+-------+-------+-------+-------++-------
  Melee: Dagger            |    50 |    63 |    40 |       ||   153
         Rapier            |       |       |    91 |    41 ||   132
         Punch             |       |       |     1 |       ||     1
   Cast: Ensorcelled Hiber |     9 |    18 |    45 |     6 ||    78
         Confusing Touch   |       |       |     5 |     2 ||     7
         Swiftness         |       |       |     1 |     1 ||     2
         Tukima's Dance    |       |       |       |     2 ||     2
    Use: Scroll            |       |       |    15 |     5 ||    20
   Stab: Sleeping          |    21 |    33 |    46 |     9 ||   109
         Confused          |       |       |     6 |     1 ||     7
         Distracted        |       |       |       |     1 ||     1
 Armour: Robe              |    14 |    18 |    82 |    16 ||   130
  Dodge: Dodged            |    45 |    18 |   110 |    15 ||   188
  Block: Buckler           |       |       |       |     2 ||     2
